[Event "Turkish Club Cup 2019"]
[Site "Konya"]
[Date "2019.07.20"]
[Round "7"]
[White "Karahan, Anil"]
[Black "Basaran, Alp"]
[Result "1-0"]
[ECO "E62"]
[WhiteElo "1889"]
[BlackElo "1857"]
[Annotator "NA"]
[PlyCount "111"]
[EventDate "2019.07.16"]
[EventType "team-tourn"]
[EventCountry "TUR"]
[SourceTitle "playchess.com"]
[Source "ChessBase"]
[SourceQuality "1"]
[TimeControl "5400+30"]

1. d4 Nf6 2. c4 g6 3. Nf3 Bg7 4. g3 O-O 5. Bg2 d6 6. O-O c6 7. Nc3 Qa5 8. e4 e5 9. d5 cxd5 10. cxd5 Bd7 11. Nd2 Rc8 12. Nb3 Qd8 13. h3 Na6 14. a4 Qf8 15. Bg5 h6 16. Be3 Ne8 17. Qd2 Kh7 18. Nc1 h5 19. Ra3 Nc5 20. b4 Na6 21. Nd3 Qe7 22. Rfa1 b6 23. Rb1 f5 24. Bf1 Nac7 25. Ne1 Bf6 26. b5 g5 27. exf5 Bxf5 28. Rb4 Ng7 29. a5 g4 30. h4 Bg6 31. Ne4 Nf5 32. Ng2 Nxe3 33. Nxf6+ Qxf6 34. Nxe3 Ne8 35. axb6 axb6 36. Rba4 Rxa4 37. Rxa4 Rc7 38. Ra6 Rb7 39. Qa2 Qf7 40. Ra8 Rc7 41. Qa3 Nf6 42. Rb8 Ne4 43. Qb2 Rb7 44. Rxb7 Qxb7 45. Bd3 Nf6 46. Bxg6+ Kxg6 47. Qc2+ e4 48. Qc6 Qa7 49. Qxd6 Qa1+ 50. Kg2 Qd4 51. Qe6 Qc5 52. d6 Qc3 53. d7 Qd3 54. Qe8+ Nxe8 55. dxe8=Q+ Kf6 56. Qxh5 1-0